 Dungeon Crawl Stone Soup version 0.19-a0-816-geccf914 (webtiles) character file.

81 MrRokkomies the Vexing (level 4, -3/30 HPs)
             Began as a Vampire Enchanter on June 29, 2016.
             Slain by a gnoll
             ... wielding a +0 spear
              (6 damage)
             ... on level 3 of the Dungeon.
             The game lasted 00:05:59 (2517 turns).

MrRokkomies the Vexing (Vampire Enchanter)          Turns: 2517, Time: 00:06:00

Health: -3/30      AC:  4    Str:  7    XL:     4   Next: 20%
Magic:  1/7        EV: 12    Int: 18    God:
Gold:   114        SH:  0    Dex: 14    Spells: 3 memorised, 1 level left

rFire  . . .     SeeInvis +     a - +2 dagger
rCold  + + .     Gourm    .     h - +1 robe {rC+}
rNeg   + + .     Faith    .     (no shield)
rPois  +         Spirit   .     g - +0 helmet
rElec  .         Dismiss  .     (no cloak)
rCorr  .         Reflect  .     (no gloves)
SustAt .         Harm     .     (no boots)
MR     .....                    (no amulet)
Stlth  +++.......               (no ring)
                                (no ring)

@: very slightly contaminated, regenerating slowly, not resistant to hostile
enchantments, fairly stealthy
A: fangs 3, see invisible, unbreathing
a: Bat Form


You were on level 3 of the Dungeon.
You were very thirsty.

You visited 1 branch of the dungeon, and saw 3 of its levels.

You collected 114 gold pieces.

Inventory:

Hand Weapons
 a - a +2 dagger (weapon)
Armour
 g - a +0 helmet (worn)
 h - a +1 robe of cold resistance (worn)
Scrolls
 k - a scroll of remove curse
Potions
 b - 2 potions of invisibility
 e - 2 potions of agility
 i - 2 potions of lignification
 m - a potion of might {unknown}
 n - a potion of haste {unknown}
Books
 c - a book of Maledictions

   Spells                             Type                      Level
   a - Corona                         Hexes                        1
   b - Ensorcelled Hibernation        Hexes/Ice                    2
   c - Confuse                        Hexes                        3
   d - Tukima's Dance                 Hexes                        3
   e - Dazzling Spray                 Conjuration/Hexes            3


   Skills:
 * Level 3.4 Short Blades
 - Level 2.1 Dodging
 - Level 4.4 Stealth
 - Level 2.0 Spellcasting
 * Level 5.9 Hexes


You had one spell level left.
You knew the following spells:

 Your Spells              Type           Power        Failure   Level  Hunger
a - Corona                Hex            ###....      1%          1    #......
b - Ensorcelled Hibernat  Hex/Ice        ##....       12%         2    ###....
c - Confuse               Hex            ###.....     6%          3    ###....


Dungeon Overview and Level Annotations

Branches:
Dungeon (3/15)

Altars:


Innate Abilities, Weirdness & Mutations

You heal slowly.
You have razor-sharp teeth.
You have supernaturally acute eyesight. (SInv)
You can survive without breathing.


Message History

Press: ? - help, Shift-Dir - straight line, f/p - gnoll
Aim: a gnoll, wielding a flail of protection (chance to defeat MR: 51%)
The gnoll resists with some effort.
The gnoll completely misses you.
The gnoll hits you with a flail of protection.
* * * LOW HITPOINT WARNING * * *
You hit the gnoll but do no damage. You bite the gnoll, but do no damage.
The gnoll hits you from afar with a spear.
* * * LOW HITPOINT WARNING * * *
The gnoll barely misses you.
You feel better.
The gnoll hits you with a flail of protection.
* * * LOW HITPOINT WARNING * * *
Casting: Ensorcelled Hibernation
Confirm with . or Enter, or press ? or * to list all spells.
Aiming: Ensorcelled Hibernation
Press: ? - help, Shift-Dir - straight line, f/p - gnoll
Aim: a gnoll, wielding a flail of protection (chance to defeat MR: 51%)
The gnoll looks drowsy...
The gnoll hits you from afar with a spear.
You die...

## ##########
##8## #........#
8...8##.#.######
.....##.#.#
.....>#g#g#
.....##.#g#
8...8##.#@#
##8## #.#.# ##
##.#.#####
#.........
#..#.#####
#.$#.# #..#.#
....?.)....#
.........g.....


You could see 2 gnolls.

Vanquished Creatures
  2 adders (D:2)
  3 giant geckos (D:1)
  An orc (D:3)
  5 giant cockroaches
  8 goblins
  7 hobgoblins
  4 jackals
  3 kobolds
  12 bats
  3 giant newts (D:2)
  7 rats
55 creatures vanquished.

Notes
Turn   | Place    | Note
--------------------------------------------------------------
     0 | D:1      | MrRokkomies the Vampire Enchanter began the quest for the Orb.
     0 | D:1      | Reached XP level 1. HP: 13/13 MP: 3/3
    92 | D:1      | Reached XP level 2. HP: 16/19 MP: 5/5
    96 | D:1      | Learned a level 2 spell: Ensorcelled Hibernation
   923 | D:1      | Reached skill level 5 in Hexes
  1041 | D:1      | Reached XP level 3. HP: 19/24 MP: 6/6
  1112 | D:2      | Learned a level 3 spell: Confuse
  2157 | D:2      | Reached XP level 4. HP: 28/30 MP: 7/7
  2517 | D:3      | Slain by a gnoll

Vault maps used:
D:1:      zelgadis_glass_arrival_small
D:3:      nicolae_overflow_hidden_temple

Skill      XL: |  1  2  3 |
---------------+----------+-----
Short Blades   | 2 3 |  3.4
Hexes          | 5 |  5.9
Dodging        | |  2.1
Stealth        | |  4.4
Spellcasting   | |  2.0

Action                   |  1- 3 |  4- 6 || total
-------------------------+-------+-------++-------
Melee: Dagger            |   213 |    26 ||   239
       Bite              |    10 |     2 ||    12
 Cast: Ensorcelled Hiber |     3 |     3 ||     6
  Use: Scroll            |     4 |     4 ||     8
       Potion            |       |     1 ||     1
 Stab: Sleeping          |    12 |     1 ||    13
  Eat: Corpse            |     2 |       ||     2
Armor: Robe              |    54 |    11 ||    65
       Ring mail         |    13 |       ||    13
Dodge: Dodged            |   132 |    24 ||   156
